 Dungeon Crawl Stone Soup version 0.26.1-2-gb8aa6d0cf2 (webtiles) character file.

Game seed: 14593180829419058892

93 Allula97 the Gusty (level 4, -8/25 HPs)
             Began as a Tengu Air Elementalist on Feb 20, 2021.
             Shot with an arrow by a centaur (12 damage)
             ... on level 3 of the Dungeon.
             The game lasted 00:13:08 (2419 turns).

Allula97 the Gusty (Tengu Air Elementalist)         Turns: 2419, Time: 00:13:09

Health: -8/25      AC:  3    Str: 14    XL:     4   Next: 62%
Magic:  16/17      EV: 12    Int: 17    God:
Gold:   112        SH:  4    Dex: 14    Spells: 2/8 levels left

rFire    . . .     SeeInvis .   j - +1 rapier
rCold    . . .     Faith    .   l - +1 buckler
rNeg     . . .     Spirit   .   a - +0 robe
rPois    .         Reflect  .   (helmet restricted)
rElec    .         Harm     .   f - +0 cloak
rCorr    .         Rampage  .   (no gloves)
Will     .....                  (boots unavailable)
Stlth    ++........             (no amulet)
HPRegen  0.08/turn              h - ring of magical power
MPRegen  0.15/turn              n - +6 ring of strength

@: no status effects
A: beak, talons 3
a: no special abilities


You were on level 3 of the Dungeon.
You visited 1 branch of the dungeon, and saw 3 of its levels.

You collected 112 gold pieces.

Inventory:

Hand Weapons
 d - a +0 dagger
 j - a +1 rapier (weapon)
Missiles
 b - 4 boomerangs
Armour
 a - a +0 robe (worn)
 f - a +0 cloak (worn)
 l - a +1 buckler (worn)
 m - a cursed +0 scale mail
Jewellery
 h - a ring of magical power (left hand)
 n - a +6 ring of strength (right hand)
Scrolls
 e - a scroll of enchant weapon
 p - a scroll of amnesia
Potions
 c - 2 potions of resistance {unknown}
 g - a potion of ambrosia {unknown}
 i - a potion of might


   Skills:
 * Level 1.0 Fighting
 + Level 0.1 Short Blades
 * Level 1.1 Armour
 + Level 2.2 Dodging
 - Level 2.0 Stealth
 * Level 0.1 Shields
 * Level 2.5 Spellcasting
 * Level 2.1 Conjurations
 * Level 5.6 Air Magic


You had 2 spell levels left.
You knew the following spells:

 Your Spells              Type           Power        Failure   Level
a - Shock                 Conj/Air       60%          6%          1
b - Swiftness             Air            21%          4%          2
c - Static Discharge      Conj/Air       15%          19%         3

Your spell library contained the following spells:

 Spells                   Type           Power        Failure   Level
 Airstrike                Air            10%          28%         4
 Lightning Bolt           Conj/Air       7%           86%         5


Dungeon Overview and Level Annotations

Branches:
Dungeon (3/15)

Altars:
Uskayaw


Innate Abilities, Weirdness & Mutations

You have a beak for a mouth.
You have claws for feet.


Message History

You finish putting on your +0 cloak.
A ball python comes into view.
The ball python completely misses you. The ball python grabs you.
The ball python constricts you.
You puncture the ball python!
You kill the ball python!
You see here a ball python corpse.
A centaur comes into view.
The centaur shouts!
The centaur wields a +0 shortbow.
The centaur shoots an arrow.
The arrow barely misses you.
Aiming: Shock (safe; 6% risk of failure)
Press: ? - help, Q - select action, (/) - cycle Shift-Dir - straight line, f - centaur
Aim: a centaur, wielding a +0 shortbow and quivering 13 arrows (17% to evade)
The zap hits the centaur.
The centaur is lightly wounded.
The centaur shoots an arrow.
The arrow hits you!
* * * LOW HITPOINT WARNING * * *
The centaur shoots an arrow.
The arrow hits you!
You die...

......#
....).### # .
..........#..
....#####....
#
#.#####.....
.# #.##^...#
c.# #......#
..###
#....#.#
####......
#.####.##
#.@..# #.#
#>.# #(####
..# ##.# #.#
###
#.#######.#
#..##.†...#
###.#..#####
##...#.##
##......#
#.......#


You could see a centaur.

Vanquished Creatures
  3 adders
  2 oozes
  A worm (D:2)
  3 dart slugs (D:2)
  A ball python (D:3)
  2 giant cockroaches
  7 goblins
  6 hobgoblins
  5 kobolds
  A quokka (D:2)
  9 bats
  3 frilled lizards
  6 rats
49 creatures vanquished.

Notes
Turn   | Place    | Note
-------+----------+-------------------------------------------
     0 | D:1      | Allula97 the Tengu Air Elementalist began the quest for the
                  | Orb.
     0 | D:1      | Reached XP level 1. HP: 10/10 MP: 4/4
   315 | D:1      | Reached XP level 2. HP: 15/15 MP: 0/6
   325 | D:1      | Learned a level 2 spell: Swiftness
   973 | D:1      | Reached XP level 3. HP: 20/20 MP: 7/7
  1230 | D:2      | Learned a level 3 spell: Static Discharge
  1325 | D:2      | Reached skill level 5 in Air Magic
  1371 | D:2      | Reached skill level 1 in Armour
  1667 | D:2      | Noticed a +0 hand axe
  1669 | D:2      | Noticed a +0 dagger
  1671 | D:2      | Found a hide-covered altar of Uskayaw.
  1685 | D:2      | Reached XP level 4. HP: 9/24 MP: 8/8
  2394 | D:3      | Reached skill level 1 in Fighting
  2417 | D:3      | Noticed a centaur
  2419 | D:3      | Shot with an arrow by a centaur

Illustrated notes

Levels and vault maps discovered:
D:1:      kennysheep_arrival_seaside, layout_loops_corners,
          serial_park_tiny_pond
D:2:      layout_basic, dancing_weapons_uskayaw
D:3:      layout_rooms, minitemple, portal_sewer_entry_d

Skill      XL: |  1  2  3  4 |
---------------+-------------+-----
Air Magic      | 5 |  5.6
Armour         | 1 |  1.1
Conjurations   | 2 |  2.1
Fighting       | 1 |  1.0
Short Blades   | |  0.1
Dodging        | |  2.2
Stealth        | |  2.0
Shields        | |  0.1
Spellcasting   | |  2.5

Action                   |  1- 3 |  4- 6 || total
-------------------------+-------+-------++-------
Melee: Dagger            |    12 |       ||    12
       Peck              |     3 |     2 ||     5
       Rapier            |    10 |    14 ||    24
       Kick              |     4 |     2 ||     6
 Cast: Shock             |    55 |    14 ||    69
       Static Discharge  |     1 |     1 ||     2
  Use: Scroll            |       |     5 ||     5
 Stab: Sleeping          |     5 |     2 ||     7
Armor: Robe              |     7 |     2 ||     9
Dodge: Dodged            |    18 |    14 ||    32
Block: Buckler           |       |     2 ||     2
